Description

for personnal use

Build Order

Get SALT Encoding   

  16  0:44  Gateway  
  17  0:52  Assimilator  
  20  1:23  Nexus  
  20  1:33  Cybernetics Core  
  20  1:39  Assimilator  
  23  2:10  Warp Gate  
  26  2:23  Robotics Facility  
  26  2:24  Shield Battery  At Natural
  39  3:12  Observer  
  49  3:40  Forge, Twilight Council  
  52  3:55  Assimilator x2  
  60  4:20  Protoss Ground Weapons Level 1  
  60  4:27  Charge  
  60  4:35  Gateway x7  
  60  5:01  Templar Archives  
  60  5:02  Action  Chrono Forge
  60  5:08  Warp Prism  
Spawning Tool Build Advisor. Get it on Overwolf

Go to:

Details

  • Created by: Dr-Gonzo
  • Published on: Sep 16, 2025
  • Modified on: Sep 16, 2025
  • Patch: 5.0.11
  • Difficulty: Easy
Show
View Real Time Build Order
Export as new Build Order

Comments (0)

There are no comments. Be the first!

Create an account to comment!